[ AOE2 MATCH · #468288149 ]
UnrankedPersians vs Mongols
[ REPLAY ANALYSIS · EXTRACTED FROM THE RECORDED GAME ]
Feudal
—
Castle
—
Imperial
—
| APM avg | 27.0 |
| APM peak | 94 |
| eAPM avg | 25.8 |
| Villagers / military | 113 / 971 |
Focus
⚔️ 58.9% · 🌾 41.1%
War Elephant ×456 · Archer ×193 · Scorpion ×180 · Bombard Cannon ×101 · Trade Cart ×59 · Mangonel ×37
Feudal
—
Castle
—
Imperial
—
| APM avg | 40.0 |
| APM peak | 103 |
| eAPM avg | 24.4 |
| Villagers / military | 205 / 764 |
Focus
⚔️ 25.8% · 🌾 74.2%
Mangonel ×293 · Scorpion ×174 · Mangudai ×150 · Battering Ram ×146 · Trade Cart ×132 · Petard ×1
Feudal
—
Castle
—
Imperial
—
| APM avg | 15.0 |
| APM peak | 35 |
| eAPM avg | 11.6 |
| Villagers / military | 82 / 1080 |
Focus
⚔️ 53.8% · 🌾 46.2%
Spearman ×575 · Knight ×192 · Hand Cannoneer ×104 · Scorpion ×95 · Mangonel ×55 · Trade Cart ×32
Feudal
—
Castle
—
Imperial
—
| APM avg | 22.1 |
| APM peak | 102 |
| eAPM avg | 15.4 |
| Villagers / military | 125 / 794 |
Focus
⚔️ 31.1% · 🌾 68.9%
War Elephant ×765 · Trade Cart ×120 · Mangonel ×23 · Bombard Cannon ×6
Feudal
—
Castle
—
Imperial
—
| APM avg | 12.3 |
| APM peak | 53 |
| eAPM avg | 10.2 |
| Villagers / military | 435 / 842 |
Focus
⚔️ 38.1% · 🌾 61.9%
Boyar ×513 · Scout Cavalry ×329 · Trade Cart ×172
Feudal
—
Castle
—
Imperial
—
| APM avg | 7.7 |
| APM peak | 39 |
| eAPM avg | 7.3 |
| Villagers / military | 92 / 808 |
Focus
⚔️ 50.7% · 🌾 49.3%
Eagle Scout ×381 · Jaguar Warrior ×244 · Monk ×118 · Trade Cart ×50 · Skirmisher ×40 · Spearman ×25
Feudal
—
Castle
—
Imperial
—
| APM avg | 21.9 |
| APM peak | 55 |
| eAPM avg | 19.8 |
| Villagers / military | 130 / 728 |
Focus
⚔️ 67.6% · 🌾 32.4%
War Elephant ×424 · Knight ×239 · Camel Scout ×59 · Trade Cart ×42 · Scout Cavalry ×6
Feudal
—
Castle
—
Imperial
—
| APM avg | 26.6 |
| APM peak | 110 |
| eAPM avg | 20.6 |
| Villagers / military | 77 / 1677 |
Focus
⚔️ 40.3% · 🌾 59.7%
Samurai ×630 · Spearman ×450 · Scorpion ×385 · Mangonel ×200 · Trade Cart ×90 · Trebuchet (Packed) ×10
Match map
Resources at game start + every placement click. Thick line = wall · dashed box = detected house wall. 🟡 gold · ⚪ stone · 🟢 berries · 🔶 boar · ⭕ relic
Inputs per minute
— RogueBongo1669 - - [Decrepit] Mortifer
Build order — RogueBongo1669
First 150 of 1274 actions detected
| 0:10 | Build | Town Center |
| 0:17 | Build | Town Center |
| 0:23 | Create | Villager (Male) |
| 0:24 | Create | Villager (Male) |
| 0:24 | Create | Villager (Male) |
| 0:24 | Create | Villager (Male) |
| 0:25 | Create | Villager (Male) |
| 0:25 | Create | Villager (Male) |
| 0:25 | Create | Villager (Male) |
| 0:26 | Create | Villager (Male) |
| 0:26 | Create | Villager (Male) |
| 0:33 | Build | House |
| 0:36 | Build | House |
| 0:37 | Build | House |
| 0:38 | Build | House |
| 0:40 | Build | House |
| 0:42 | Build | House |
| 0:45 | Build | House |
| 0:46 | Build | House |
| 0:48 | Build | House |
| 0:49 | Build | House |
| 1:01 | Build | Town Center |
| 1:15 | Create | Villager (Male) |
| 1:16 | Create | Villager (Male) |
| 1:16 | Create | Villager (Male) |
| 1:17 | Create | Villager (Male) |
| 1:17 | Create | Villager (Male) |
| 1:17 | Create | Villager (Male) |
| 1:18 | Create | Villager (Male) |
| 1:18 | Create | Villager (Male) |
| 1:18 | Create | Villager (Male) |
| 1:19 | Create | Villager (Male) |
| 1:19 | Create | Villager (Male) |
| 1:19 | Create | Villager (Male) |
| 1:20 | Create | Villager (Male) |
| 1:20 | Create | Villager (Male) |
| 1:21 | Create | Villager (Male) |
| 1:31 | Build | Market |
| 1:40 | Build | Market |
| 1:48 | Build | Market |
| 1:53 | Build | Market |
| 1:59 | Build | Market |
| 2:12 | Build | Town Center |
| 2:33 | Create | Villager (Male) |
| 2:34 | Create | Villager (Male) |
| 2:34 | Create | Villager (Male) |
| 2:37 | Create | Villager (Male) |
| 2:37 | Create | Villager (Male) |
| 2:37 | Create | Villager (Male) |
| 2:38 | Create | Villager (Male) |
| 2:47 | Build | Town Center |
| 2:59 | Build | Town Center |
| 3:19 | Create | Trade Cart |
| 3:19 | Create | Trade Cart |
| 3:19 | Create | Trade Cart |
| 3:20 | Create | Trade Cart |
| 3:20 | Create | Trade Cart |
| 3:20 | Create | Trade Cart |
| 3:21 | Create | Trade Cart |
| 3:21 | Create | Trade Cart |
| 3:21 | Create | Trade Cart |
| 3:22 | Create | Trade Cart |
| 3:22 | Create | Trade Cart |
| 3:22 | Create | Trade Cart |
| 3:23 | Create | Trade Cart |
| 3:23 | Create | Trade Cart |
| 3:24 | Create | Trade Cart |
| 3:24 | Create | Trade Cart |
| 3:24 | Create | Trade Cart |
| 3:25 | Create | Trade Cart |
| 3:25 | Create | Trade Cart |
| 3:25 | Create | Trade Cart |
| 3:26 | Create | Trade Cart |
| 3:26 | Create | Trade Cart |
| 3:26 | Create | Trade Cart |
| 3:27 | Create | Trade Cart |
| 3:27 | Create | Trade Cart |
| 3:28 | Create | Trade Cart |
| 3:28 | Create | Trade Cart |
| 3:28 | Create | Trade Cart |
| 3:29 | Create | Trade Cart |
| 3:29 | Create | Trade Cart |
| 3:29 | Create | Trade Cart |
| 3:30 | Create | Trade Cart |
| 3:30 | Create | Trade Cart |
| 3:31 | Create | Trade Cart |
| 3:31 | Create | Trade Cart |
| 3:31 | Create | Trade Cart |
| 3:32 | Create | Trade Cart |
| 3:32 | Create | Trade Cart |
| 3:43 | Build | House |
| 3:44 | Build | House |
| 3:46 | Build | House |
| 3:57 | Create | Villager (Male) |
| 3:57 | Create | Villager (Male) |
| 3:57 | Create | Villager (Male) |
| 3:57 | Create | Villager (Male) |
| 3:58 | Create | Villager (Male) |
| 3:58 | Create | Villager (Male) |
| 3:58 | Create | Villager (Male) |
| 3:59 | Create | Villager (Male) |
| 3:59 | Create | Villager (Male) |
| 4:00 | Create | Villager (Male) |
| 4:00 | Create | Villager (Male) |
| 4:00 | Create | Villager (Male) |
| 4:01 | Create | Villager (Male) |
| 4:01 | Create | Villager (Male) |
| 4:01 | Create | Villager (Male) |
| 4:02 | Create | Villager (Male) |
| 4:02 | Create | Villager (Male) |
| 4:02 | Create | Villager (Male) |
| 4:03 | Create | Villager (Male) |
| 4:03 | Create | Villager (Male) |
| 4:04 | Create | Villager (Male) |
| 4:04 | Create | Villager (Male) |
| 4:04 | Create | Villager (Male) |
| 4:05 | Create | Villager (Male) |
| 4:05 | Create | Villager (Male) |
| 4:05 | Create | Villager (Male) |
| 4:06 | Create | Villager (Male) |
| 4:07 | Create | Villager (Male) |
| 4:07 | Create | Villager (Male) |
| 4:14 | Build | Mining Camp |
| 4:36 | Build | Lumber Camp |
| 5:23 | Create | Villager (Male) |
| 5:23 | Create | Villager (Male) |
| 5:23 | Create | Villager (Male) |
| 5:24 | Create | Villager (Male) |
| 5:24 | Create | Villager (Male) |
| 5:24 | Create | Villager (Male) |
| 5:25 | Create | Villager (Male) |
| 5:25 | Create | Villager (Male) |
| 5:25 | Create | Villager (Male) |
| 5:26 | Create | Villager (Male) |
| 5:26 | Create | Villager (Male) |
| 5:26 | Create | Villager (Male) |
| 5:27 | Create | Villager (Male) |
| 5:27 | Create | Villager (Male) |
| 5:28 | Create | Villager (Male) |
| 5:28 | Create | Villager (Male) |
| 5:28 | Create | Villager (Male) |
| 5:29 | Create | Villager (Male) |
| 5:29 | Create | Villager (Male) |
| 5:29 | Create | Villager (Male) |
| 6:19 | Create | Villager (Male) |
| 6:19 | Create | Villager (Male) |
| 6:20 | Create | Villager (Male) |
| 6:20 | Create | Villager (Male) |
| 6:20 | Create | Villager (Male) |
| 6:21 | Create | Villager (Male) |
Build order — [Decrepit] Mortifer
First 150 of 434 actions detected
| 0:02 | Create | Villager (Male) ×5 |
| 0:02 | Create | Villager (Male) ×5 |
| 0:02 | Create | Villager (Male) ×5 |
| 0:07 | Build | Market |
| 0:17 | Build | Town Center |
| 0:18 | Build | Town Center |
| 0:19 | Build | Town Center |
| 0:21 | Create | Trade Cart ×5 |
| 0:21 | Create | Trade Cart ×5 |
| 0:22 | Create | Trade Cart ×5 |
| 0:33 | Build | Market |
| 0:33 | Build | Market |
| 0:35 | Build | Market |
| 0:40 | Create | Villager (Male) ×5 |
| 0:41 | Create | Villager (Male) ×5 |
| 0:41 | Create | Villager (Male) ×5 |
| 0:43 | Build | Town Center |
| 0:45 | Build | Town Center |
| 0:50 | Build | Town Center |
| 0:58 | Build | Stone Wall |
| 1:03 | Build | Building 673 |
| 1:16 | Create | Villager (Male) |
| 1:33 | Build | Siege Workshop |
| 1:34 | Build | Siege Workshop |
| 1:36 | Build | Siege Workshop |
| 1:41 | Create | Villager (Male) ×5 |
| 1:41 | Create | Villager (Male) ×5 |
| 1:42 | Create | Villager (Male) ×5 |
| 1:43 | Create | Villager (Male) |
| 1:46 | Create | Villager (Male) ×4 |
| 1:48 | Create | Villager (Male) ×5 |
| 1:48 | Create | Villager (Male) ×5 |
| 1:49 | Create | Villager (Male) ×5 |
| 1:55 | Build | Town Center |
| 2:07 | Create | Trade Cart ×5 |
| 2:07 | Create | Trade Cart ×5 |
| 2:07 | Create | Trade Cart ×5 |
| 2:08 | Create | Trade Cart ×5 |
| 2:08 | Create | Trade Cart ×5 |
| 2:09 | Create | Trade Cart ×5 |
| 2:09 | Create | Trade Cart ×2 |
| 2:24 | Build | Farm |
| 2:27 | Create | Villager (Male) ×2 |
| 2:29 | Create | Villager (Male) |
| 2:32 | Create | Villager (Male) ×5 |
| 2:33 | Create | Villager (Male) ×5 |
| 2:33 | Create | Villager (Male) ×5 |
| 2:33 | Create | Villager (Male) ×5 |
| 2:38 | Create | Villager (Male) ×2 |
| 2:38 | Create | Villager (Male) ×2 |
| 2:41 | Build | House |
| 2:42 | Build | House |
| 2:42 | Build | House |
| 2:42 | Build | House |
| 2:42 | Build | House |
| 2:43 | Build | House |
| 2:43 | Build | House |
| 2:43 | Build | House |
| 2:43 | Build | House |
| 2:44 | Build | House |
| 2:44 | Build | House |
| 2:44 | Build | House |
| 2:45 | Build | House |
| 2:45 | Build | House |
| 2:45 | Build | House |
| 2:46 | Build | House |
| 2:47 | Build | House |
| 2:47 | Build | House |
| 2:48 | Build | House |
| 2:48 | Build | House |
| 2:48 | Build | House |
| 2:49 | Build | House |
| 2:49 | Build | House |
| 2:50 | Build | House |
| 2:53 | Create | Villager (Male) ×5 |
| 2:53 | Create | Villager (Male) ×5 |
| 2:54 | Create | Villager (Male) ×5 |
| 2:54 | Create | Villager (Male) ×5 |
| 2:57 | Build | Castle |
| 2:59 | Build | Castle |
| 3:05 | Build | Castle |
| 3:08 | Build | Castle |
| 3:11 | Build | Castle |
| 3:14 | Build | Castle |
| 3:22 | Create | Villager (Male) |
| 3:29 | Build | Siege Workshop |
| 3:31 | Build | Siege Workshop |
| 3:36 | Build | Siege Workshop |
| 3:41 | Build | Siege Workshop |
| 3:45 | Build | Siege Workshop |
| 3:47 | Build | Siege Workshop |
| 3:55 | Build | Siege Workshop |
| 4:10 | Create | Mangonel ×5 |
| 4:10 | Create | Mangonel ×5 |
| 4:17 | Create | Villager (Male) ×5 |
| 4:17 | Create | Villager (Male) ×5 |
| 4:17 | Create | Villager (Male) ×5 |
| 4:18 | Create | Villager (Male) ×5 |
| 4:20 | Create | Villager (Male) ×4 |
| 4:21 | Create | Villager (Male) ×4 |
| 4:22 | Create | Villager (Male) ×5 |
| 4:22 | Create | Villager (Male) |
| 4:23 | Create | Villager (Male) |
| 4:24 | Create | Villager (Male) ×3 |
| 4:24 | Create | Villager (Male) ×3 |
| 4:33 | Build | Lumber Camp |
| 5:27 | Create | Trade Cart ×5 |
| 5:27 | Create | Trade Cart ×5 |
| 5:28 | Create | Trade Cart ×5 |
| 5:28 | Create | Trade Cart ×5 |
| 5:28 | Create | Trade Cart ×5 |
| 5:30 | Create | Trade Cart ×2 |
| 6:14 | Create | Villager (Male) ×5 |
| 6:15 | Create | Villager (Male) ×2 |
| 7:10 | Create | Villager (Male) ×5 |
| 7:10 | Create | Villager (Male) ×5 |
| 7:10 | Create | Villager (Male) ×5 |
| 7:11 | Create | Villager (Male) ×5 |
| 7:11 | Create | Villager (Male) ×5 |
| 7:12 | Create | Villager (Male) ×5 |
| 7:12 | Create | Villager (Male) ×5 |
| 7:12 | Create | Villager (Male) ×5 |
| 7:13 | Create | Villager (Male) ×3 |
| 7:19 | Create | Trade Cart ×2 |
| 7:20 | Create | Trade Cart ×5 |
| 7:21 | Create | Trade Cart |
| 8:07 | Create | Scorpion ×5 |
| 8:08 | Create | Scorpion ×5 |
| 8:08 | Create | Scorpion ×5 |
| 8:08 | Create | Scorpion ×5 |
| 8:09 | Create | Scorpion ×5 |
| 8:09 | Create | Scorpion ×5 |
| 8:11 | Create | Scorpion ×5 |
| 8:11 | Create | Scorpion ×5 |
| 8:11 | Create | Scorpion ×5 |
| 8:12 | Create | Scorpion ×5 |
| 8:12 | Create | Scorpion ×5 |
| 8:13 | Create | Scorpion ×5 |
| 8:14 | Create | Mangonel ×5 |
| 8:14 | Create | Mangonel ×5 |
| 8:14 | Create | Mangonel ×5 |
| 8:14 | Create | Mangonel ×5 |
| 9:21 | Create | Mangonel ×5 |
| 9:21 | Create | Mangonel ×5 |
| 9:22 | Create | Mangonel ×5 |
| 9:22 | Create | Mangonel ×5 |
| 9:22 | Create | Mangonel ×5 |
| 9:23 | Create | Mangonel ×5 |
| 9:23 | Create | Mangonel ×5 |
| 9:24 | Create | Mangonel ×5 |
Build order — Hipgamingfrog
First 150 of 523 actions detected
| 0:20 | Build | Stable |
| 0:21 | Build | Stable |
| 0:23 | Build | Stable |
| 0:28 | Create | Villager (Male) ×5 |
| 0:29 | Create | Villager (Male) ×5 |
| 0:29 | Create | Villager (Male) ×5 |
| 0:29 | Create | Villager (Male) ×5 |
| 0:44 | Build | House |
| 0:44 | Build | House |
| 0:45 | Build | House |
| 0:46 | Build | House |
| 0:46 | Build | House |
| 0:47 | Build | House |
| 0:47 | Build | House |
| 0:48 | Build | House |
| 0:51 | Build | House |
| 0:52 | Build | House |
| 0:52 | Build | House |
| 0:53 | Build | House |
| 0:53 | Build | House |
| 0:54 | Build | House |
| 0:55 | Build | House |
| 0:55 | Build | House |
| 0:56 | Build | House |
| 0:58 | Build | House |
| 1:09 | Create | Knight ×5 |
| 1:09 | Create | Knight ×5 |
| 1:09 | Create | Knight ×5 |
| 1:10 | Create | Knight ×5 |
| 1:16 | Create | Knight ×5 |
| 1:16 | Create | Knight ×5 |
| 1:17 | Create | Knight ×5 |
| 1:17 | Create | Knight ×5 |
| 1:35 | Build | Mining Camp |
| 1:39 | Create | Knight ×5 |
| 1:39 | Create | Knight ×5 |
| 1:40 | Create | Knight ×5 |
| 1:40 | Create | Knight ×5 |
| 1:56 | Build | House |
| 1:56 | Build | House |
| 1:57 | Build | House |
| 1:57 | Build | House |
| 1:58 | Build | House |
| 1:58 | Build | House |
| 1:58 | Build | House |
| 2:19 | Build | Farm |
| 2:27 | Create | Spearman ×5 |
| 2:27 | Create | Spearman ×5 |
| 2:28 | Create | Spearman ×5 |
| 2:28 | Create | Spearman ×5 |
| 2:41 | Create | Knight ×5 |
| 2:42 | Create | Scout Cavalry |
| 2:46 | Create | Knight ×5 |
| 2:46 | Create | Knight ×4 |
| 2:47 | Create | Knight |
| 2:47 | Create | Knight |
| 3:08 | Build | Town Center |
| 3:14 | Create | Spearman ×5 |
| 3:14 | Create | Spearman ×2 |
| 3:32 | Create | Knight ×5 |
| 3:33 | Create | Knight ×5 |
| 3:33 | Create | Knight |
| 3:37 | Create | Knight ×5 |
| 3:37 | Create | Knight ×5 |
| 3:37 | Create | Knight ×5 |
| 3:38 | Create | Knight ×5 |
| 3:48 | Build | House |
| 3:48 | Build | House |
| 3:48 | Build | House |
| 3:48 | Build | House |
| 3:49 | Build | House |
| 3:49 | Build | House |
| 3:50 | Build | House |
| 3:51 | Build | House |
| 3:52 | Build | House |
| 3:52 | Build | House |
| 3:57 | Create | Villager (Male) ×5 |
| 3:57 | Create | Villager (Male) ×5 |
| 3:57 | Create | Villager (Male) ×3 |
| 4:53 | Build | Castle |
| 5:02 | Build | Castle |
| 5:46 | Create | Knight ×5 |
| 5:46 | Create | Knight ×5 |
| 5:46 | Create | Knight ×5 |
| 5:46 | Create | Knight ×5 |
| 5:50 | Create | Knight ×5 |
| 5:50 | Create | Knight ×5 |
| 5:50 | Create | Knight ×5 |
| 5:50 | Create | Knight ×4 |
| 5:57 | Create | Villager (Male) ×5 |
| 6:32 | Create | Keshik |
| 6:32 | Create | Keshik |
| 6:32 | Create | Keshik |
| 6:33 | Create | Keshik |
| 6:33 | Create | Keshik |
| 6:33 | Create | Keshik |
| 6:42 | Build | Archery Range |
| 6:42 | Build | Archery Range |
| 6:43 | Build | Archery Range |
| 6:59 | Create | Trebuchet (Packed) |
| 6:59 | Create | Trebuchet (Packed) |
| 6:59 | Create | Trebuchet (Packed) |
| 7:00 | Create | Trebuchet (Packed) |
| 7:00 | Create | Trebuchet (Packed) |
| 7:01 | Create | Trebuchet (Packed) |
| 7:18 | Build | Town Center |
| 7:22 | Create | Hand Cannoneer ×5 |
| 7:22 | Create | Hand Cannoneer ×5 |
| 7:23 | Create | Hand Cannoneer ×5 |
| 7:23 | Create | Hand Cannoneer ×5 |
| 7:28 | Create | Hand Cannoneer ×5 |
| 7:28 | Create | Hand Cannoneer ×5 |
| 7:28 | Create | Hand Cannoneer ×5 |
| 7:35 | Create | Hand Cannoneer ×5 |
| 7:35 | Create | Hand Cannoneer ×5 |
| 7:35 | Create | Hand Cannoneer ×5 |
| 7:40 | Create | Keshik ×5 |
| 7:40 | Create | Keshik ×5 |
| 7:40 | Create | Keshik ×5 |
| 7:41 | Create | Keshik ×5 |
| 8:05 | Build | Mining Camp |
| 8:43 | Build | Bombard Tower |
| 8:44 | Build | Bombard Tower |
| 8:44 | Build | Bombard Tower |
| 8:44 | Build | Bombard Tower |
| 8:45 | Build | Bombard Tower |
| 9:14 | Create | Hand Cannoneer |
| 9:14 | Create | Hand Cannoneer |
| 9:33 | Build | Market |
| 9:39 | Create | Villager (Male) ×5 |
| 9:47 | Build | House |
| 9:47 | Build | House |
| 9:47 | Build | House |
| 9:48 | Build | House |
| 9:48 | Build | House |
| 9:48 | Build | House |
| 9:48 | Build | House |
| 9:49 | Build | House |
| 9:49 | Build | House |
| 9:49 | Build | House |
| 9:51 | Build | House |
| 9:57 | Build | Lumber Camp |
| 10:17 | Build | Lumber Camp |
| 10:36 | Build | Monastery |
| 10:51 | Create | Villager (Male) |
| 10:51 | Create | Villager (Male) |
| 10:51 | Create | Villager (Male) |
| 10:52 | Create | Villager (Male) |
| 11:00 | Create | Hand Cannoneer |
| 11:00 | Create | Hand Cannoneer |
Build order — [Decrepit] Calldeludo
First 150 of 430 actions detected
| 0:01 | Create | Villager (Male) |
| 0:01 | Create | Villager (Male) |
| 0:01 | Create | Villager (Male) |
| 0:02 | Create | Villager (Male) |
| 0:02 | Create | Villager (Male) |
| 0:02 | Create | Villager (Male) |
| 0:03 | Create | Villager (Male) |
| 0:10 | Build | Town Center |
| 0:12 | Build | Town Center |
| 0:19 | Build | Town Center |
| 0:26 | Build | Town Center |
| 0:27 | Build | Town Center |
| 0:28 | Build | Town Center |
| 0:36 | Build | Siege Workshop |
| 0:46 | Build | Market |
| 0:48 | Build | Market |
| 0:48 | Build | Market |
| 0:49 | Build | Market |
| 0:56 | Build | House |
| 0:57 | Build | House |
| 0:57 | Build | House |
| 0:58 | Build | House |
| 0:58 | Build | House |
| 0:59 | Build | House |
| 0:59 | Build | House |
| 1:00 | Build | House |
| 1:00 | Build | House |
| 1:01 | Build | House |
| 1:01 | Build | House |
| 1:13 | Build | Castle |
| 1:17 | Build | Castle |
| 1:20 | Build | Castle |
| 1:22 | Build | Castle |
| 1:25 | Build | Castle |
| 1:27 | Build | Castle |
| 1:37 | Build | Farm |
| 1:40 | Create | Villager (Male) ×5 |
| 1:41 | Create | Villager (Male) ×5 |
| 1:41 | Create | Villager (Male) ×5 |
| 1:41 | Create | Villager (Male) ×5 |
| 1:42 | Create | Villager (Male) ×5 |
| 1:42 | Create | Villager (Male) ×5 |
| 1:42 | Create | Villager (Male) ×5 |
| 1:43 | Create | Villager (Male) ×5 |
| 1:43 | Create | Villager (Male) ×5 |
| 1:43 | Create | Villager (Male) ×5 |
| 1:43 | Create | Villager (Male) ×5 |
| 1:44 | Create | Villager (Male) ×5 |
| 1:44 | Create | Villager (Male) ×5 |
| 1:54 | Build | Town Center |
| 2:08 | Create | Mangonel |
| 2:08 | Create | Mangonel |
| 2:09 | Create | Mangonel |
| 2:09 | Create | Mangonel |
| 2:09 | Create | Mangonel |
| 2:10 | Create | Mangonel |
| 2:16 | Create | Villager (Male) ×3 |
| 2:18 | Create | Villager (Male) ×5 |
| 2:18 | Create | Villager (Male) ×5 |
| 2:18 | Create | Villager (Male) ×5 |
| 2:40 | Build | Farm |
| 2:41 | Build | Farm |
| 2:41 | Build | Farm |
| 2:41 | Build | Farm |
| 2:42 | Build | Farm |
| 2:47 | Create | Mangonel |
| 4:21 | Create | Trade Cart ×5 |
| 4:21 | Create | Trade Cart ×5 |
| 4:22 | Create | Trade Cart ×5 |
| 4:22 | Create | Trade Cart ×5 |
| 4:22 | Create | Trade Cart ×5 |
| 4:23 | Create | Trade Cart ×5 |
| 4:23 | Create | Trade Cart ×5 |
| 4:23 | Create | Trade Cart ×5 |
| 4:23 | Create | Trade Cart ×5 |
| 4:24 | Create | Trade Cart ×5 |
| 4:24 | Create | Trade Cart ×5 |
| 4:24 | Create | Trade Cart ×5 |
| 4:47 | Create | Villager (Male) ×5 |
| 4:47 | Create | Villager (Male) ×5 |
| 4:48 | Create | Villager (Male) ×5 |
| 4:48 | Create | Villager (Male) ×5 |
| 4:48 | Create | Villager (Male) ×5 |
| 4:49 | Create | Villager (Male) ×5 |
| 4:49 | Create | Villager (Male) ×5 |
| 5:02 | Create | Mangonel |
| 5:03 | Create | Mangonel |
| 6:53 | Build | Farm |
| 6:53 | Build | Farm |
| 6:53 | Build | Farm |
| 6:54 | Build | Farm |
| 6:54 | Build | Farm |
| 6:55 | Build | Farm |
| 6:55 | Build | Farm |
| 6:55 | Build | Farm |
| 6:56 | Build | Farm |
| 6:56 | Build | Farm |
| 6:56 | Build | Farm |
| 6:56 | Build | Farm |
| 7:02 | Build | Farm |
| 7:02 | Build | Farm |
| 7:03 | Build | Farm |
| 7:03 | Build | Farm |
| 7:04 | Build | Farm |
| 7:04 | Build | Farm |
| 7:04 | Build | Farm |
| 7:05 | Build | Farm |
| 7:05 | Build | Farm |
| 7:05 | Build | Farm |
| 7:06 | Build | Farm |
| 7:06 | Build | Farm |
| 7:07 | Build | Farm |
| 7:07 | Build | Farm |
| 7:15 | Build | House |
| 7:15 | Build | House |
| 7:15 | Build | House |
| 7:16 | Build | House |
| 7:17 | Build | House |
| 7:17 | Build | House |
| 7:17 | Build | House |
| 7:20 | Build | House |
| 7:21 | Build | House |
| 7:22 | Build | House |
| 7:23 | Build | House |
| 7:24 | Build | House |
| 10:46 | Build | Market |
| 10:52 | Build | Outpost |
| 11:04 | Build | Stone Wall |
| 11:10 | Build | Stone Wall |
| 11:15 | Build | Farm |
| 11:18 | Build | Farm |
| 11:19 | Build | Farm |
| 11:19 | Build | Farm |
| 11:19 | Build | Farm |
| 11:20 | Build | Farm |
| 11:47 | Build | Castle |
| 11:49 | Build | Castle |
| 11:51 | Build | Castle |
| 11:54 | Build | Castle |
| 11:55 | Build | Castle |
| 12:00 | Build | Mining Camp |
| 12:04 | Build | Farm |
| 12:04 | Build | Farm |
| 12:04 | Build | Farm |
| 12:05 | Build | Farm |
| 12:05 | Build | Farm |
| 12:05 | Build | Farm |
| 12:06 | Build | Farm |
| 12:06 | Build | Farm |
| 12:06 | Build | Farm |
Build order — kilo
First 150 of 545 actions detected
| 1:17 | Build | Town Center |
| 1:20 | Create | Villager (Male) ×5 |
| 1:21 | Create | Villager (Male) ×5 |
| 1:21 | Create | Villager (Male) ×5 |
| 1:21 | Create | Villager (Male) ×5 |
| 1:21 | Create | Villager (Male) ×5 |
| 1:38 | Build | Town Center |
| 1:46 | Build | Town Center |
| 1:49 | Create | Villager (Male) |
| 1:49 | Create | Villager (Male) |
| 1:49 | Create | Villager (Male) |
| 1:54 | Create | Villager (Male) ×5 |
| 1:54 | Create | Villager (Male) ×5 |
| 1:54 | Create | Villager (Male) ×5 |
| 1:54 | Create | Villager (Male) ×5 |
| 1:55 | Create | Villager (Male) ×5 |
| 2:13 | Build | Market |
| 2:15 | Build | Market |
| 2:19 | Build | Market |
| 2:22 | Build | Market |
| 2:29 | Create | Villager (Male) ×5 |
| 2:30 | Create | Villager (Male) ×5 |
| 2:30 | Create | Villager (Male) ×5 |
| 2:30 | Create | Villager (Male) ×5 |
| 2:31 | Create | Villager (Male) ×5 |
| 2:33 | Create | Villager (Male) ×5 |
| 2:33 | Create | Villager (Male) ×5 |
| 2:33 | Create | Villager (Male) ×5 |
| 2:34 | Create | Villager (Male) ×5 |
| 2:35 | Create | Villager (Male) |
| 2:36 | Create | Villager (Male) |
| 2:39 | Create | Villager (Male) ×2 |
| 2:40 | Create | Villager (Male) ×2 |
| 2:54 | Build | Town Center |
| 3:03 | Build | Town Center |
| 3:33 | Create | Villager (Male) ×5 |
| 3:33 | Create | Villager (Male) ×5 |
| 3:34 | Create | Villager (Male) ×5 |
| 3:34 | Create | Villager (Male) ×5 |
| 3:48 | Build | Castle |
| 3:54 | Build | Castle |
| 3:57 | Build | Castle |
| 4:08 | Build | Farm |
| 4:10 | Build | Farm |
| 4:12 | Build | Farm |
| 4:14 | Build | Farm |
| 4:17 | Build | Farm |
| 4:18 | Build | Farm |
| 4:20 | Build | Farm |
| 4:23 | Build | Farm |
| 4:26 | Build | Farm |
| 4:28 | Build | Farm |
| 4:30 | Build | Farm |
| 4:32 | Build | Farm |
| 4:33 | Build | Farm |
| 4:35 | Build | Farm |
| 4:37 | Build | Farm |
| 4:39 | Build | Farm |
| 4:41 | Build | Farm |
| 4:43 | Build | Farm |
| 4:44 | Build | Farm |
| 4:46 | Build | Farm |
| 4:47 | Build | Farm |
| 4:54 | Create | Villager (Male) ×5 |
| 4:55 | Create | Villager (Male) ×5 |
| 4:55 | Create | Villager (Male) ×5 |
| 4:56 | Create | Villager (Male) ×5 |
| 4:59 | Create | Villager (Male) ×3 |
| 4:59 | Create | Villager (Male) ×3 |
| 5:01 | Create | Villager (Male) ×5 |
| 5:02 | Create | Villager (Male) ×5 |
| 5:02 | Create | Villager (Male) ×5 |
| 5:04 | Create | Villager (Male) ×5 |
| 5:05 | Create | Villager (Male) ×5 |
| 5:05 | Create | Villager (Male) |
| 5:05 | Create | Villager (Male) |
| 5:08 | Create | Villager (Male) ×5 |
| 5:09 | Create | Villager (Male) ×5 |
| 5:09 | Create | Villager (Male) ×5 |
| 5:09 | Create | Villager (Male) |
| 5:12 | Create | Villager (Male) ×5 |
| 5:12 | Create | Villager (Male) ×5 |
| 5:12 | Create | Villager (Male) ×5 |
| 5:13 | Create | Villager (Male) |
| 5:17 | Create | Trade Cart ×5 |
| 5:18 | Create | Trade Cart ×5 |
| 5:18 | Create | Trade Cart ×5 |
| 5:18 | Create | Trade Cart ×5 |
| 5:19 | Create | Trade Cart ×5 |
| 5:19 | Create | Trade Cart ×5 |
| 5:19 | Create | Trade Cart ×5 |
| 5:19 | Create | Trade Cart ×5 |
| 5:20 | Create | Trade Cart ×5 |
| 5:20 | Create | Trade Cart ×5 |
| 5:20 | Create | Trade Cart ×5 |
| 5:21 | Create | Trade Cart ×5 |
| 5:21 | Create | Trade Cart ×5 |
| 5:31 | Create | Boyar ×5 |
| 5:32 | Create | Boyar ×5 |
| 5:32 | Create | Boyar ×5 |
| 5:32 | Create | Boyar ×5 |
| 5:33 | Create | Boyar ×5 |
| 6:06 | Create | Boyar ×5 |
| 6:07 | Create | Boyar ×5 |
| 6:07 | Create | Boyar ×5 |
| 6:08 | Create | Boyar ×5 |
| 7:19 | Create | Trade Cart ×2 |
| 7:19 | Create | Trade Cart ×2 |
| 7:21 | Create | Trade Cart ×2 |
| 7:21 | Create | Trade Cart ×2 |
| 7:22 | Create | Trade Cart ×2 |
| 7:22 | Create | Trade Cart ×2 |
| 7:22 | Create | Trade Cart ×5 |
| 7:23 | Create | Trade Cart ×5 |
| 7:23 | Create | Villager (Male) ×5 |
| 7:23 | Create | Villager (Male) ×5 |
| 7:25 | Create | Villager (Male) ×5 |
| 7:25 | Create | Villager (Male) ×5 |
| 7:25 | Create | Villager (Male) ×5 |
| 7:26 | Create | Villager (Male) ×5 |
| 7:26 | Create | Villager (Male) ×5 |
| 7:26 | Create | Villager (Male) ×5 |
| 7:27 | Create | Villager (Male) ×5 |
| 7:27 | Create | Villager (Male) ×5 |
| 7:27 | Create | Villager (Male) ×5 |
| 7:49 | Build | University |
| 7:51 | Build | University |
| 8:09 | Build | Castle |
| 8:17 | Build | Castle |
| 8:41 | Create | Boyar ×5 |
| 8:41 | Create | Boyar ×5 |
| 8:42 | Create | Boyar ×5 |
| 8:42 | Create | Boyar ×5 |
| 8:42 | Create | Boyar ×5 |
| 8:42 | Create | Boyar ×5 |
| 8:43 | Create | Boyar ×5 |
| 8:43 | Create | Boyar ×5 |
| 8:43 | Create | Boyar ×5 |
| 8:44 | Create | Boyar ×5 |
| 8:44 | Create | Boyar ×5 |
| 8:44 | Create | Boyar ×5 |
| 8:45 | Create | Boyar ×5 |
| 9:03 | Build | Town Center |
| 9:23 | Build | House |
| 9:23 | Build | House |
| 9:23 | Build | House |
| 9:24 | Build | House |
| 9:24 | Build | House |
| 9:25 | Build | House |
| 9:25 | Build | House |
Build order — ZigzagCarpet746
First 150 of 390 actions detected
| 0:11 | Build | Town Center |
| 0:19 | Build | Town Center |
| 0:56 | Build | Town Center |
| 1:11 | Build | Town Center |
| 1:22 | Build | Monastery |
| 1:35 | Build | Monastery |
| 1:37 | Build | Monastery |
| 1:57 | Build | Market |
| 1:59 | Build | Market |
| 2:03 | Build | Market |
| 2:28 | Build | Market |
| 2:48 | Build | Town Center |
| 2:53 | Create | Villager (Male) |
| 2:53 | Create | Villager (Male) |
| 2:53 | Create | Villager (Male) ×5 |
| 2:54 | Create | Villager (Male) ×5 |
| 2:54 | Create | Villager (Male) ×5 |
| 2:54 | Create | Villager (Male) ×5 |
| 2:55 | Create | Villager (Male) ×5 |
| 2:55 | Create | Villager (Male) ×5 |
| 2:55 | Create | Villager (Male) ×5 |
| 2:56 | Create | Villager (Male) ×5 |
| 2:56 | Create | Villager (Male) ×5 |
| 2:56 | Create | Villager (Male) ×5 |
| 2:56 | Create | Villager (Male) ×5 |
| 2:57 | Create | Villager (Male) ×5 |
| 2:57 | Create | Villager (Male) ×5 |
| 2:57 | Create | Villager (Male) ×4 |
| 2:58 | Create | Villager (Male) ×4 |
| 3:21 | Build | Castle |
| 3:23 | Build | Castle |
| 3:24 | Build | Castle |
| 3:29 | Build | Castle |
| 3:43 | Create | Monk |
| 3:43 | Create | Monk |
| 3:43 | Create | Monk |
| 3:44 | Create | Monk |
| 3:44 | Create | Monk |
| 3:44 | Create | Monk |
| 3:45 | Create | Monk |
| 3:45 | Create | Monk |
| 3:45 | Create | Monk |
| 3:46 | Create | Monk |
| 3:46 | Create | Monk |
| 3:47 | Create | Monk |
| 4:15 | Build | Mining Camp |
| 4:40 | Build | Farm |
| 4:41 | Build | Farm |
| 4:41 | Build | Farm |
| 4:41 | Build | Farm |
| 4:42 | Build | Farm |
| 4:42 | Build | Farm |
| 4:42 | Build | Farm |
| 5:24 | Build | Stone Wall |
| 5:42 | Create | Eagle Scout ×5 |
| 5:43 | Create | Eagle Scout ×5 |
| 5:43 | Create | Eagle Scout ×5 |
| 5:44 | Create | Eagle Scout ×5 |
| 5:44 | Create | Eagle Scout ×5 |
| 5:50 | Create | Jaguar Warrior ×5 |
| 5:50 | Create | Jaguar Warrior ×5 |
| 5:51 | Create | Jaguar Warrior ×5 |
| 5:51 | Create | Jaguar Warrior ×5 |
| 5:51 | Create | Jaguar Warrior ×5 |
| 5:54 | Create | Jaguar Warrior |
| 5:54 | Create | Jaguar Warrior |
| 6:05 | Create | Monk |
| 6:06 | Create | Monk |
| 6:27 | Build | House |
| 6:29 | Build | House |
| 6:33 | Build | House |
| 6:36 | Build | House |
| 6:38 | Build | House |
| 6:41 | Build | House |
| 6:42 | Build | House |
| 6:44 | Build | House |
| 6:46 | Build | House |
| 6:47 | Build | House |
| 6:49 | Build | House |
| 6:51 | Build | House |
| 6:54 | Build | House |
| 6:55 | Build | House |
| 6:57 | Build | House |
| 6:59 | Build | House |
| 7:54 | Build | Archery Range |
| 7:55 | Build | Archery Range |
| 7:57 | Build | Archery Range |
| 8:08 | Build | Archery Range |
| 8:25 | Build | House |
| 8:26 | Build | House |
| 8:29 | Build | House |
| 8:31 | Build | House |
| 8:33 | Build | House |
| 8:47 | Create | Trade Cart ×5 |
| 8:47 | Create | Trade Cart ×5 |
| 8:48 | Create | Trade Cart ×5 |
| 8:48 | Create | Trade Cart ×5 |
| 8:48 | Create | Trade Cart ×5 |
| 8:49 | Create | Trade Cart ×5 |
| 8:49 | Create | Trade Cart ×5 |
| 8:49 | Create | Trade Cart ×5 |
| 8:50 | Create | Trade Cart ×5 |
| 8:50 | Create | Trade Cart ×5 |
| 9:11 | Build | Lumber Camp |
| 9:47 | Build | House |
| 9:50 | Build | House |
| 9:54 | Build | House |
| 9:57 | Build | House |
| 9:59 | Build | House |
| 10:01 | Build | House |
| 10:04 | Build | House |
| 10:09 | Build | House |
| 10:15 | Build | House |
| 10:19 | Build | House |
| 10:55 | Create | Jaguar Warrior ×5 |
| 10:55 | Create | Jaguar Warrior ×5 |
| 10:56 | Create | Jaguar Warrior ×5 |
| 10:56 | Create | Jaguar Warrior ×5 |
| 10:57 | Create | Jaguar Warrior ×5 |
| 10:57 | Create | Jaguar Warrior ×5 |
| 10:57 | Create | Jaguar Warrior ×5 |
| 10:58 | Create | Jaguar Warrior ×5 |
| 10:58 | Create | Jaguar Warrior ×5 |
| 10:58 | Create | Jaguar Warrior ×5 |
| 10:59 | Create | Jaguar Warrior ×5 |
| 10:59 | Create | Jaguar Warrior ×5 |
| 11:20 | Build | Lumber Camp |
| 11:22 | Build | Lumber Camp |
| 11:31 | Create | Eagle Scout ×5 |
| 11:31 | Create | Eagle Scout ×5 |
| 11:32 | Create | Eagle Scout ×5 |
| 11:32 | Create | Eagle Scout ×5 |
| 12:00 | Create | Monk |
| 12:00 | Create | Monk |
| 12:01 | Create | Monk |
| 12:01 | Create | Monk |
| 12:01 | Create | Monk |
| 12:02 | Create | Monk |
| 12:02 | Create | Monk |
| 12:02 | Create | Monk |
| 12:03 | Create | Monk |
| 12:31 | Build | House |
| 12:32 | Build | House |
| 12:35 | Build | House |
| 12:37 | Build | House |
| 12:40 | Build | House |
| 12:43 | Build | House |
| 12:46 | Build | House |
| 12:50 | Build | House |
| 12:51 | Build | House |
Build order — Oktay7241
First 150 of 1104 actions detected
| 0:04 | Create | Villager (Male) |
| 0:04 | Create | Villager (Male) |
| 0:04 | Create | Villager (Male) |
| 0:05 | Create | Villager (Male) |
| 0:05 | Create | Villager (Male) |
| 0:19 | Build | Town Center |
| 0:30 | Build | House |
| 0:32 | Build | House |
| 0:33 | Build | House |
| 0:34 | Build | House |
| 0:36 | Build | House |
| 0:37 | Build | House |
| 0:43 | Build | House |
| 0:44 | Build | House |
| 0:46 | Build | House |
| 0:47 | Build | House |
| 0:55 | Build | Market |
| 0:59 | Build | Market |
| 1:04 | Build | Market |
| 1:20 | Create | Villager (Male) |
| 1:21 | Create | Villager (Male) |
| 1:21 | Create | Villager (Male) |
| 1:36 | Build | Castle |
| 1:41 | Build | Castle |
| 1:53 | Build | House |
| 1:55 | Build | House |
| 1:56 | Build | House |
| 1:57 | Build | House |
| 2:03 | Create | Villager (Male) |
| 2:03 | Create | Villager (Male) |
| 2:04 | Create | Villager (Male) |
| 2:12 | Create | Villager (Male) |
| 2:12 | Create | Villager (Male) |
| 2:17 | Build | Town Center |
| 2:18 | Create | Villager (Male) |
| 2:19 | Create | Villager (Male) |
| 2:19 | Create | Villager (Male) |
| 2:19 | Create | Villager (Male) |
| 2:20 | Create | Villager (Male) |
| 2:20 | Create | Villager (Male) |
| 2:21 | Create | Villager (Male) |
| 2:22 | Create | Villager (Male) |
| 2:22 | Create | Villager (Male) |
| 2:22 | Create | Villager (Male) |
| 2:23 | Create | Villager (Male) |
| 2:23 | Create | Villager (Male) |
| 2:23 | Create | Villager (Male) |
| 2:24 | Create | Villager (Male) |
| 2:24 | Create | Villager (Male) |
| 2:24 | Create | Villager (Male) |
| 2:36 | Build | Farm |
| 2:43 | Build | Farm |
| 2:57 | Build | Farm |
| 3:05 | Create | Trade Cart |
| 3:05 | Create | Trade Cart |
| 3:05 | Create | Trade Cart |
| 3:06 | Create | Trade Cart |
| 3:06 | Create | Trade Cart |
| 3:07 | Create | Trade Cart |
| 3:08 | Create | Trade Cart |
| 3:08 | Create | Trade Cart |
| 3:08 | Create | Trade Cart |
| 3:09 | Create | Trade Cart |
| 3:09 | Create | Trade Cart |
| 3:09 | Create | Trade Cart |
| 3:10 | Create | Trade Cart |
| 3:10 | Create | Trade Cart |
| 3:10 | Create | Trade Cart |
| 3:11 | Create | Trade Cart |
| 3:11 | Create | Trade Cart |
| 3:11 | Create | Trade Cart |
| 3:12 | Create | Trade Cart |
| 3:12 | Create | Trade Cart |
| 3:12 | Create | Trade Cart |
| 3:13 | Create | Trade Cart |
| 3:13 | Create | Trade Cart |
| 3:13 | Create | Trade Cart |
| 3:14 | Create | Trade Cart |
| 3:20 | Build | House |
| 3:22 | Build | House |
| 3:23 | Build | House |
| 3:24 | Build | House |
| 3:25 | Build | House |
| 3:31 | Build | House |
| 3:32 | Build | House |
| 3:33 | Build | House |
| 3:34 | Build | House |
| 3:35 | Build | House |
| 3:37 | Build | House |
| 3:42 | Build | House |
| 3:43 | Build | House |
| 3:47 | Create | Villager (Male) |
| 3:48 | Create | Villager (Male) |
| 3:48 | Create | Villager (Male) |
| 3:48 | Create | Villager (Male) |
| 3:53 | Build | Town Center |
| 3:54 | Create | Villager (Male) |
| 3:55 | Create | Villager (Male) |
| 3:55 | Create | Villager (Male) |
| 3:55 | Create | Villager (Male) |
| 3:56 | Create | Villager (Male) |
| 3:56 | Create | Villager (Male) |
| 3:56 | Create | Villager (Male) |
| 4:14 | Build | Castle |
| 4:15 | Create | War Elephant |
| 4:16 | Create | War Elephant |
| 4:16 | Create | War Elephant |
| 4:16 | Create | War Elephant |
| 4:16 | Create | War Elephant |
| 4:17 | Create | War Elephant |
| 4:17 | Create | War Elephant |
| 4:17 | Create | War Elephant |
| 4:17 | Create | War Elephant |
| 4:18 | Create | War Elephant |
| 4:18 | Create | War Elephant |
| 4:18 | Create | War Elephant |
| 4:18 | Create | War Elephant |
| 4:19 | Create | War Elephant |
| 4:19 | Create | War Elephant |
| 4:25 | Create | Trade Cart |
| 4:26 | Create | Trade Cart |
| 4:26 | Create | Trade Cart |
| 4:26 | Create | Trade Cart |
| 4:27 | Create | Trade Cart |
| 4:27 | Create | Trade Cart |
| 4:27 | Create | Trade Cart |
| 4:28 | Create | Trade Cart |
| 4:35 | Build | Farm |
| 4:37 | Build | Farm |
| 4:40 | Build | Farm |
| 4:42 | Build | Farm |
| 4:45 | Build | Farm |
| 4:48 | Create | Villager (Male) |
| 4:48 | Create | Villager (Male) |
| 4:48 | Create | Villager (Male) |
| 4:49 | Create | Villager (Male) |
| 4:49 | Create | Villager (Male) |
| 4:49 | Create | Villager (Male) |
| 4:50 | Create | Villager (Male) |
| 4:50 | Create | Villager (Male) |
| 4:50 | Create | Villager (Male) |
| 4:50 | Create | Villager (Male) |
| 4:51 | Create | Villager (Male) |
| 4:51 | Create | Villager (Male) |
| 4:51 | Create | Villager (Male) |
| 5:04 | Build | Town Center |
| 5:10 | Build | Caravanserai |
| 5:25 | Build | Castle |
| 5:53 | Build | Castle |
| 5:57 | Create | War Elephant |
Build order — tejezamora
First 150 of 480 actions detected
| 0:45 | Build | Market |
| 0:49 | Build | Market |
| 0:50 | Build | Market |
| 0:53 | Build | Market |
| 0:55 | Build | Market |
| 1:02 | Build | Market |
| 1:13 | Create | Villager (Male) ×5 |
| 1:14 | Create | Villager (Male) ×5 |
| 1:14 | Create | Villager (Male) ×5 |
| 1:27 | Build | House |
| 1:29 | Build | House |
| 1:31 | Build | House |
| 1:32 | Build | House |
| 1:34 | Build | House |
| 1:35 | Build | House |
| 1:37 | Build | House |
| 1:39 | Build | House |
| 1:43 | Build | House |
| 1:45 | Build | House |
| 1:46 | Build | House |
| 1:47 | Build | House |
| 1:48 | Build | House |
| 2:13 | Build | Stone Wall |
| 2:30 | Build | Building 665 |
| 2:42 | Create | Villager (Male) |
| 2:42 | Create | Villager (Male) |
| 3:08 | Create | Trade Cart ×5 |
| 3:09 | Create | Trade Cart ×5 |
| 3:09 | Create | Trade Cart ×5 |
| 3:09 | Create | Trade Cart ×5 |
| 3:10 | Create | Trade Cart ×5 |
| 3:10 | Create | Trade Cart ×5 |
| 3:11 | Create | Trade Cart ×5 |
| 3:11 | Create | Trade Cart ×5 |
| 3:11 | Create | Trade Cart ×5 |
| 3:12 | Create | Trade Cart ×5 |
| 3:12 | Create | Trade Cart ×5 |
| 3:13 | Create | Trade Cart ×5 |
| 3:13 | Create | Trade Cart ×5 |
| 3:14 | Create | Trade Cart ×5 |
| 3:14 | Create | Trade Cart ×5 |
| 3:14 | Create | Trade Cart ×5 |
| 3:15 | Create | Trade Cart ×5 |
| 3:15 | Create | Trade Cart ×5 |
| 3:55 | Build | Town Center |
| 4:25 | Build | Lumber Camp |
| 5:05 | Create | Villager (Male) ×5 |
| 5:06 | Create | Villager (Male) ×5 |
| 5:06 | Create | Villager (Male) ×5 |
| 5:18 | Build | Mining Camp |
| 5:28 | Create | Villager (Male) ×5 |
| 5:28 | Create | Villager (Male) ×3 |
| 6:28 | Build | Town Center |
| 6:48 | Create | Villager (Male) ×5 |
| 6:49 | Create | Villager (Male) ×2 |
| 7:28 | Build | Mill |
| 7:31 | Build | Farm |
| 7:32 | Build | Farm |
| 7:33 | Build | Farm |
| 7:34 | Build | Farm |
| 7:35 | Build | Farm |
| 7:36 | Build | Farm |
| 7:36 | Build | Farm |
| 7:37 | Build | Farm |
| 7:47 | Create | Villager (Male) ×5 |
| 7:48 | Create | Villager (Male) ×5 |
| 7:48 | Create | Villager (Male) ×5 |
| 8:23 | Build | Monastery |
| 9:02 | Build | Mining Camp |
| 9:23 | Create | Villager (Male) ×5 |
| 9:23 | Create | Villager (Male) ×5 |
| 9:24 | Create | Villager (Male) ×5 |
| 9:32 | Build | Mining Camp |
| 9:55 | Build | Castle |
| 9:59 | Build | Castle |
| 10:03 | Build | Castle |
| 10:09 | Build | Castle |
| 11:15 | Create | Monk |
| 11:20 | Build | Mining Camp |
| 11:24 | Create | Monk |
| 12:36 | Build | Siege Workshop |
| 12:40 | Build | Siege Workshop |
| 12:45 | Build | Siege Workshop |
| 12:50 | Build | Siege Workshop |
| 13:04 | Build | Siege Workshop |
| 13:12 | Create | Mangonel ×5 |
| 13:12 | Create | Mangonel ×5 |
| 13:12 | Create | Mangonel ×5 |
| 13:13 | Create | Mangonel ×5 |
| 13:13 | Create | Mangonel ×5 |
| 14:16 | Build | Castle |
| 14:48 | Create | Mangonel ×5 |
| 14:48 | Create | Mangonel ×5 |
| 14:48 | Create | Mangonel ×5 |
| 16:17 | Build | Castle |
| 19:11 | Build | Outpost |
| 19:13 | Build | Outpost |
| 19:16 | Build | Outpost |
| 19:20 | Build | Outpost |
| 19:27 | Build | Stone Wall |
| 19:29 | Build | Stone Wall |
| 19:32 | Build | Stone Wall |
| 19:33 | Build | Stone Wall |
| 19:34 | Build | Stone Wall |
| 19:37 | Build | Stone Wall |
| 19:39 | Build | Stone Wall |
| 19:54 | Create | Samurai ×5 |
| 19:54 | Create | Samurai ×5 |
| 19:55 | Create | Samurai ×5 |
| 19:55 | Create | Samurai ×5 |
| 19:55 | Create | Samurai ×5 |
| 19:56 | Create | Samurai ×5 |
| 20:03 | Create | Mangonel ×5 |
| 20:04 | Create | Mangonel ×5 |
| 20:04 | Create | Mangonel ×5 |
| 20:04 | Create | Mangonel ×5 |
| 20:21 | Create | Mangonel ×5 |
| 20:22 | Create | Mangonel ×5 |
| 20:22 | Create | Mangonel ×5 |
| 20:26 | Create | Samurai ×5 |
| 20:27 | Create | Samurai ×5 |
| 20:27 | Create | Samurai ×5 |
| 20:28 | Create | Samurai ×5 |
| 22:02 | Build | Building 673 |
| 22:40 | Build | Castle |
| 22:42 | Build | Castle |
| 22:44 | Build | Castle |
| 22:46 | Build | Castle |
| 23:37 | Create | Samurai ×5 |
| 23:37 | Create | Samurai ×5 |
| 23:38 | Create | Samurai ×5 |
| 23:38 | Create | Samurai ×5 |
| 23:39 | Create | Samurai ×5 |
| 23:39 | Create | Samurai ×5 |
| 23:40 | Create | Samurai ×5 |
| 23:40 | Create | Samurai ×5 |
| 23:40 | Create | Samurai ×5 |
| 23:41 | Create | Samurai ×5 |
| 23:41 | Create | Samurai ×5 |
| 23:41 | Create | Samurai ×5 |
| 23:42 | Create | Samurai ×5 |
| 23:42 | Create | Samurai ×5 |
| 23:43 | Create | Samurai ×5 |
| 23:44 | Create | Samurai ×5 |
| 23:44 | Create | Samurai ×5 |
| 25:48 | Build | Lumber Camp |
| 25:57 | Create | Samurai ×5 |
| 25:57 | Create | Samurai ×5 |
| 25:58 | Create | Samurai ×5 |
| 25:58 | Create | Samurai ×5 |
Match timeline
| 0:20 | Hipgamingfrog · first_building Stable |
| 0:36 | [Decrepit] Calldeludo · first_building Siege Workshop |
| 0:58 | [Decrepit] Mortifer · wall_segment Stone Wall x24 |
| 1:13 | [Decrepit] Calldeludo · first_building Castle |
| 1:22 | ZigzagCarpet746 · first_building Monastery |
| 1:33 | [Decrepit] Mortifer · first_building Siege Workshop |
| 1:36 | Oktay7241 · first_building Castle |
| 2:13 | tejezamora · wall_segment Stone Wall x11 |
| 2:57 | [Decrepit] Mortifer · first_building Castle |
| 3:21 | ZigzagCarpet746 · first_building Castle |
| 3:48 | kilo · first_building Castle |
| 4:53 | Hipgamingfrog · first_building Castle |
| 5:24 | ZigzagCarpet746 · wall_segment Stone Wall x14 |
| 6:41 | RogueBongo1669 · first_building Monastery |
| 6:42 | Hipgamingfrog · first_building Archery Range |
| 7:30 | RogueBongo1669 · first_building Castle |
| 7:54 | ZigzagCarpet746 · first_building Archery Range |
| 8:06 | Oktay7241 · first_building Stable |
| 8:23 | tejezamora · first_building Monastery |
| 9:55 | tejezamora · first_building Castle |
| 10:36 | Hipgamingfrog · first_building Monastery |
| 10:36 | RogueBongo1669 · first_building Siege Workshop |
| 11:04 | [Decrepit] Calldeludo · wall_segment Stone Wall x7 |
| 11:10 | [Decrepit] Calldeludo · wall_segment Stone Wall x21 |
| 11:14 | kilo · wall_segment Stone Wall x97 |
| 12:04 | Hipgamingfrog · first_building Barracks |
| 12:36 | tejezamora · first_building Siege Workshop |
| 13:23 | Hipgamingfrog · first_building Siege Workshop |
| 13:38 | ZigzagCarpet746 · first_building Barracks |
| 19:27 | tejezamora · wall_segment Stone Wall x5 |
| 19:29 | tejezamora · wall_segment Stone Wall x4 |
| 19:32 | tejezamora · wall_segment Stone Wall x7 |
| 19:33 | tejezamora · wall_segment Stone Wall x6 |
| 19:34 | tejezamora · wall_segment Stone Wall x4 |
| 19:37 | tejezamora · wall_segment Stone Wall x3 |
| 19:39 | tejezamora · wall_segment Stone Wall x4 |
| 19:48 | [Decrepit] Calldeludo · wall_segment Stone Wall x3 |
| 20:43 | kilo · first_building Stable |
| 21:41 | [Decrepit] Calldeludo · first_market_sell 500 wood |
| 28:16 | kilo · wall_segment Stone Wall x26 |
| 29:47 | [Decrepit] Calldeludo · wall_segment Stone Wall x7 |
| 29:51 | [Decrepit] Calldeludo · wall_segment Stone Wall x7 |
| 29:54 | [Decrepit] Calldeludo · wall_segment Stone Wall x7 |
| 29:56 | [Decrepit] Calldeludo · wall_segment Stone Wall x7 |
| 32:27 | ZigzagCarpet746 · resign |
| 32:49 | tejezamora · first_building Barracks |
| 32:57 | Oktay7241 · wall_segment Stone Wall x10 |
| 33:39 | Hipgamingfrog · wall_segment Stone Wall x23 |
| 33:45 | [Decrepit] Calldeludo · wall_segment Stone Wall x1 |
| 33:46 | Hipgamingfrog · first_market_buy 100 stone |
| 34:07 | Hipgamingfrog · wall_segment Stone Wall x13 |
| 38:20 | [Decrepit] Mortifer · wall_segment Stone Wall x61 |
| 39:24 | [Decrepit] Calldeludo · first_market_buy 100 stone |
| 40:27 | [Decrepit] Mortifer · first_building Stable |
| 44:20 | Oktay7241 · wall_segment Stone Wall x1 |
| 48:38 | Oktay7241 · first_building Barracks |
| 50:35 | RogueBongo1669 · first_building Archery Range |
| 55:38 | tejezamora · wall_segment Stone Wall x12 |
| 61:10 | [Decrepit] Mortifer · wall_segment Stone Wall x6 |
| 61:28 | tejezamora · wall_segment Stone Wall x6 |
| 64:19 | [Decrepit] Mortifer · wall_segment Stone Wall x61 |
[ AI ANALYSIS · 1 CREDIT ]
What really happened in this match?
Wolo.gg analyzes every decision: build order, eco, micro, common mistakes by bracket. Personalized analysis on WhatsApp or Discord in 30 seconds.
Civ guide
Persians
Map guide
Amazon Tunnel
Perfil
RogueBongo1669